| TOP OF THE 1ST |
|
Ogden Raptors batting - Pitching for San Diego (APP) Padres : LHP Juan Lopez
|
|
Pitching: LHP Juan Lopez
|
|
|
Batting: SHB Darius Vinson
|
0-0: Ball 1-0: Called Strike 1-1: Ball 2-1: Foul Ball, location: 2F 2-2: Foul Ball, location: 2F 2-2: Ball 3-2: Strikes out swinging
|
|
Batting: RHB Gary Ming
|
0-0: Foul Ball, location: 2F 0-1: Ball 1-1: Called Strike 1-2: Ball 2-2: Fly out, F4 (Popup, 4, EV 50.6 MPH)
|
|
Batting: RHB Junro Kato
|
0-0: Foul Ball, location: 2F 0-1: Ball 1-1: Ball 2-1: SINGLE (Line Drive, 8LS, EV 96.3 MPH)
|
|
Batting: LHB Mike Dickinson
|
0-0: Ball 1-0: Foul Ball, location: 2F 1-1: Foul Ball, location: 2F 1-2: Ball 2-2: Ball 3-2: Ground out 5-3 (Groundball, 5, EV 99.4 MPH)
|
| Top of the 1st over - 0 runs, 1 hit, 0 errors, 1 left on base; Ogden 0 - San Diego (APP) 0 |
| BOTTOM OF THE 1ST |
|
San Diego (APP) Padres batting - Pitching for Ogden Raptors : RHP Cory Fischer
|
|
Pitching: RHP Cory Fischer
|
|
|
Batting: RHB Wally Cangro
|
0-0: Ball 1-0: Ball 2-0: Ball 3-0: Called Strike 3-1: Swinging Strike 3-2: Foul Ball, location: 2F 3-2: Foul Ball, location: 2F 3-2: Foul Ball, location: 2F 3-2: Base on Balls
|
|
Batting: SHB Yutaro Takahashi
|
0-0: Ball Wally Cangro steals 2nd base 1-0: SINGLE (Line Drive, 78M, EV 93.1 MPH) Wally Cangro to third Runner from 3rd tries for Home, SAFE, throw by LF to home
|
|
Batting: RHB Antonio Lara
|
0-0: Ball Yutaro Takahashi steals 2nd, throwing error, E2 Yutaro Takahashi to third 1-0: Ball 2-0: Ball 3-0: Called Strike 3-1: Base on Balls
|
|
Batting: RHB Freddie Brown
|
0-0: Ball 1-0: Called Strike 1-1: Ball 2-1: Ball 3-1: Base on Balls Antonio Lara to second
|
|
Pitching: RHP Victor Delgado
|
|
|
Batting: LHB Sammy Roddenberry
|
0-0: Called Strike 0-1: Ball 1-1: Ball 2-1: Foul Ball, location: 2F 2-2: SINGLE (Groundball, 4MD, EV 93.8 MPH) Yutaro Takahashi scores Antonio Lara to third Freddie Brown to second Runner from 3rd tries for Home, throw by CF and OUT! 8-2
|
|
Batting: LHB Phil Lerner
|
0-0: Fielders Choice at 3rd, U5 (Groundball, 5L, EV 95.6 MPH) Sammy Roddenberry to second
|
|
Batting: RHB Max Stillo
|
0-0: SINGLE (Line Drive, 8RS, EV 103.8 MPH) Sammy Roddenberry to third Phil Lerner to second Runner from 3rd tries for Home, SAFE, throw by CF to home
|
|
Batting: RHB Brent Little
|
0-0: Ball 1-0: Ball 2-0: Ball 3-0: Called Strike 3-1: Swinging Strike 3-2: SINGLE (Groundball, 4MD, EV 98.1 MPH) Phil Lerner to third Max Stillo to second Phil Lerner scores Max Stillo to third
|
|
Batting: RHB Stephon Hill
|
0-0: Ball 1-0: Ball 2-0: Ball 3-0: Base on Balls Brent Little to second
|
|
Batting: RHB Wally Cangro
|
0-0: Ball 1-0: Ball 2-0: Ball 3-0: Base on Balls Max Stillo scores Brent Little to third Stephon Hill to second
|
|
Pitching: RHP Justin Donovan
|
|
|
Batting: SHB Yutaro Takahashi
|
0-0: Called Strike 0-1: Foul Ball, location: 2F 0-2: Ball 1-2: Strikes out swinging
|
| Bottom of the 1st over - 5 runs, 4 hits, 1 error, 3 left on base; Ogden 0 - San Diego (APP) 5 |
| TOP OF THE 2ND |
|
Ogden Raptors batting - Pitching for San Diego (APP) Padres : LHP Juan Lopez
|
|
Batting: LHB Mitchell Casey
|
0-0: Called Strike 0-1: Ball 1-1: SINGLE (Groundball, 34S, EV 61.9 MPH) (infield hit)
|
|
Batting: LHB Stephen Van Raalte
|
0-0: Fly out, F9 (Line Drive, 9, EV 97.5 MPH)
|
|
Batting: RHB Bob Magana
|
0-0: Called Strike 0-1: Foul Ball, location: 2F 0-2: Foul Ball, location: 2F 0-2: Ball 1-2: Strikes out swinging
|
|
Batting: RHB Luis Hinostroza
|
0-0: Ball 1-0: Swinging Strike 1-1: Foul Ball, location: 2F 1-2: Ball 2-2: Strikes out swinging
|
| Top of the 2nd over - 0 runs, 1 hit, 0 errors, 1 left on base; Ogden 0 - San Diego (APP) 5 |
| BOTTOM OF THE 2ND |
|
San Diego (APP) Padres batting - Pitching for Ogden Raptors : RHP Justin Donovan
|
|
Batting: RHB Antonio Lara
|
0-0: Foul Ball, location: 2F 0-1: Ball 1-1: Ball 2-1: Called Strike 2-2: SINGLE (Groundball, 34D, EV 105.0 MPH)
|
|
Batting: RHB Freddie Brown
|
0-0: Foul Ball, location: 2F 0-1: Swinging Strike 0-2: Ball 1-2: Ball 2-2: Strikes out looking
|
|
Batting: LHB Sammy Roddenberry
|
0-0: Ball 1-0: Ball 2-0: Ball 3-0: Called Strike 3-1: Base on Balls Antonio Lara to second
|
|
Pitching: RHP Ramon Luna
|
|
|
Batting: LHB Phil Lerner
|
0-0: Called Strike 0-1: Ball 1-1: Ball 2-1: Foul Ball, location: 2F 2-2: SINGLE (Groundball, 4S, EV 95.6 MPH) Antonio Lara to third Sammy Roddenberry to second Runner from 3rd tries for Home, SAFE, throw by CF to home
|
|
Batting: RHB Max Stillo
|
0-0: Ball 1-0: Ball Sammy Roddenberry steals 3rd, throwing error, E2 Sammy Roddenberry scores Phil Lerner to third 2-0: Foul Ball, location: 2F 2-1: Ball 3-1: Base on Balls
|
|
Batting: RHB Brent Little
|
0-0: Called Strike Max Stillo steals 2nd base 0-1: Ball 1-1: Ball 2-1: Swinging Strike 2-2: Ball 3-2: Foul Ball, location: 2F 3-2: Base on Balls
|
|
Batting: RHB Stephon Hill
|
0-0: Ball 1-0: Foul Ball, location: 2F 1-1: Called Strike 1-2: Ball 2-2: Strikes out swinging
|
|
Pitching: RHP Ian Wilson
|
|
|
Batting: RHB Wally Cangro
|
0-0: Ball 1-0: Foul Ball, location: 2F 1-1: Ground out 5-3 (Groundball, 56S, EV 65.0 MPH)
|
| Bottom of the 2nd over - 2 runs, 2 hits, 1 error, 3 left on base; Ogden 0 - San Diego (APP) 7 |
| TOP OF THE 3RD |
|
Ogden Raptors batting - Pitching for San Diego (APP) Padres : LHP Juan Lopez
|
|
Batting: SHB Josh Vaill
|
0-0: Called Strike 0-1: Ball 1-1: Called Strike 1-2: Ball 2-2: Foul Ball, location: 2F 2-2: Strikes out swinging
|
|
Batting: SHB Darius Vinson
|
0-0: Swinging Strike 0-1: Ball 1-1: Ball 2-1: Foul Ball, location: 2F 2-2: Foul Ball, location: 2F 2-2: Ball 3-2: Strikes out looking
|
|
Batting: RHB Gary Ming
|
0-0: Called Strike 0-1: Ground out 6-3 (Groundball, 6, EV 103.1 MPH)
|
| Top of the 3rd over - 0 runs, 0 hits, 0 errors, 0 left on base; Ogden 0 - San Diego (APP) 7 |
| BOTTOM OF THE 3RD |
|
San Diego (APP) Padres batting - Pitching for Ogden Raptors : RHP Ian Wilson
|
|
Batting: SHB Yutaro Takahashi
|
0-0: Ball 1-0: Ball 2-0: Ball 3-0: Base on Balls
|
|
Batting: RHB Antonio Lara
|
0-0: Ball 1-0: Ball 2-0: Called Strike 2-1: Ball 3-1: SINGLE (Flyball, 56D, EV 91.3 MPH) Yutaro Takahashi to second
|
|
Batting: RHB Freddie Brown
|
0-0: Swinging Strike 0-1: Foul Ball, location: 2F 0-2: Ball 1-2: Ball Wild Pitch! Yutaro Takahashi to third Antonio Lara to second 2-2: Foul Ball, location: 2F 2-2: Ball 3-2: Base on Balls
|
|
Pitching: RHP Charles Durand
|
|
|
Batting: LHB Sammy Roddenberry
|
0-0: Called Strike 0-1: SINGLE (Groundball, 15S, EV 73.1 MPH) (infield hit) Yutaro Takahashi scores Antonio Lara to third Freddie Brown to second
|
|
Batting: LHB Phil Lerner
|
0-0: Ball 1-0: Foul Ball, location: 2F 1-1: Foul Ball, location: 2F 1-2: Fielders Choice at 2nd, 5-4 (Groundball, 15, EV 89.4 MPH) Antonio Lara scores Freddie Brown to third
|
|
Batting: RHB Max Stillo
|
0-0: Called Strike 0-1: SINGLE (Groundball, 5S, EV 74.4 MPH) (infield hit) Freddie Brown scores Phil Lerner to second
|
|
Batting: RHB Brent Little
|
0-0: Swinging Strike 0-1: SINGLE (Groundball, 34D, EV 98.8 MPH) Phil Lerner to third Max Stillo to second
|
|
Batting: RHB Stephon Hill
|
0-0: Swinging Strike 0-1: SINGLE (Groundball, 56D, EV 104.4 MPH) Phil Lerner scores Max Stillo to third Brent Little to second Throwing error, E7 Max Stillo scores Brent Little to third Stephon Hill to second
|
|
Batting: RHB Wally Cangro
|
0-0: Ball 1-0: Ground out 3-1 (Groundball, 13, EV 89.4 MPH) Brent Little scores Stephon Hill to third
|
|
Batting: SHB Yutaro Takahashi
|
0-0: Ball 1-0: Called Strike 1-1: DOUBLE (Line Drive, 89D, EV 105.6 MPH) Stephon Hill scores
|
|
Batting: RHB Antonio Lara
|
0-0: 2-RUN HOME RUN (Flyball, 78XD, EV 110.0 MPH), Distance : 450 ft
|
|
Pitching: LHP Tore Bosch
|
|
|
Batting: RHB Freddie Brown
|
0-0: Ground out U3 (Groundball, 3, EV 90.6 MPH)
|
| Bottom of the 3rd over - 9 runs, 7 hits, 1 error, 0 left on base; Ogden 0 - San Diego (APP) 16 |
| TOP OF THE 4TH |
|
Ogden Raptors batting - Pitching for San Diego (APP) Padres : LHP Juan Lopez
|
|
Batting: RHB Junro Kato
|
0-0: Ball 1-0: Swinging Strike 1-1: Ball 2-1: Swinging Strike 2-2: Ball 3-2: Strikes out looking
|
|
Batting: LHB Mike Dickinson
|
0-0: Swinging Strike 0-1: Called Strike 0-2: Strikes out swinging
|
|
Batting: LHB Mitchell Casey
|
0-0: Fly out, F7 (Flyball, 7D, EV 91.9 MPH)
|
| Top of the 4th over - 0 runs, 0 hits, 0 errors, 0 left on base; Ogden 0 - San Diego (APP) 16 |
| BOTTOM OF THE 4TH |
|
San Diego (APP) Padres batting - Pitching for Ogden Raptors : LHP Tore Bosch
|
|
Batting: LHB Sammy Roddenberry
|
0-0: Ball 1-0: SINGLE (Groundball, 4MD, EV 96.9 MPH)
|
|
Batting: LHB Phil Lerner
|
0-0: Ball 1-0: SINGLE (Groundball, 56S, EV 70.6 MPH) (infield hit) Sammy Roddenberry to second
|
|
Batting: RHB Max Stillo
|
0-0: Ball 1-0: Foul Ball, location: 2F 1-1: Foul Ball, location: 2F 1-2: Foul Ball, location: 2F 1-2: Ball 2-2: Ball 3-2: SINGLE (Groundball, 56D, EV 103.1 MPH) Sammy Roddenberry to third Phil Lerner to second Runner from 3rd tries for Home, SAFE, throw by LF to home
|
|
Batting: RHB Brent Little
|
0-0: Foul Ball, location: 2F 0-1: Fielders Choice at 2nd, 6-4 (Groundball, 6S, EV 89.4 MPH) Phil Lerner to third
|
|
Batting: RHB Stephon Hill
|
0-0: Foul Ball, location: 2F 0-1: Called Strike 0-2: Reached on error, E4 (Groundball, 4M, EV 84.4 MPH) Phil Lerner scores Brent Little to second
|
|
Batting: RHB Wally Cangro
|
0-0: Ball 1-0: Called Strike 1-1: Fly out, F4 (Popup, 3D, EV 66.9 MPH)
|
|
Batting: SHB Yutaro Takahashi
|
0-0: Ball 1-0: Ball Wild Pitch! Brent Little to third Stephon Hill to second 2-0: Called Strike 2-1: Fly out, F7 (Flyball, 7, EV 80.6 MPH)
|
| Bottom of the 4th over - 2 runs, 3 hits, 1 error, 2 left on base; Ogden 0 - San Diego (APP) 18 |
| TOP OF THE 5TH |
|
Ogden Raptors batting - Pitching for San Diego (APP) Padres : LHP Juan Lopez
|
|
Batting: LHB Stephen Van Raalte
|
0-0: Called Strike 0-1: Called Strike 0-2: Strikes out swinging
|
|
Batting: RHB Bob Magana
|
0-0: SINGLE (Groundball, 4MD, EV 107.5 MPH)
|
|
Batting: RHB Luis Hinostroza
|
0-0: Foul Ball, location: 2F 0-1: Ball 1-1: Swinging Strike 1-2: Foul Ball, location: 2F 1-2: Ball 2-2: Ball 3-2: Fielders Choice at 2nd, 3-6 (Groundball, 13, EV 88.1 MPH)
|
|
Batting: SHB Josh Vaill
|
0-0: Called Strike 0-1: Ball 1-1: Swinging Strike 1-2: Strikes out swinging
|
| Top of the 5th over - 0 runs, 1 hit, 0 errors, 1 left on base; Ogden 0 - San Diego (APP) 18 |
| BOTTOM OF THE 5TH |
|
San Diego (APP) Padres batting - Pitching for Ogden Raptors : LHP Tore Bosch
|
|
Batting: RHB Antonio Lara
|
0-0: Ball 1-0: Ball 2-0: Called Strike 2-1: Foul Ball, location: 2F 2-2: Fly out, F8 (Flyball, 8RM, EV 94.4 MPH)
|
|
Batting: RHB Freddie Brown
|
0-0: Called Strike 0-1: Foul Ball, location: 2F 0-2: Ball 1-2: Foul Ball, location: 2F 1-2: Ball 2-2: Strikes out swinging
|
|
Batting: LHB Sammy Roddenberry
|
0-0: Ball 1-0: Ball 2-0: Ball 3-0: Called Strike 3-1: DOUBLE (Line Drive, 9LS, EV 92.5 MPH)
|
|
Batting: LHB Phil Lerner
|
0-0: Ball 1-0: Swinging Strike 1-1: Fly out, F7 (Flyball, 78S, EV 92.5 MPH)
|
| Bottom of the 5th over - 0 runs, 1 hit, 0 errors, 1 left on base; Ogden 0 - San Diego (APP) 18 |
| TOP OF THE 6TH |
|
Ogden Raptors batting - Pitching for San Diego (APP) Padres : LHP Juan Lopez
|
|
Batting: SHB Darius Vinson
|
0-0: Called Strike 0-1: Ball 1-1: Foul Ball, location: 2F 1-2: Strikes out looking
|
|
Batting: RHB Gary Ming
|
0-0: Ball 1-0: Ball 2-0: Foul Ball, location: 2F 2-1: SINGLE (Groundball, 34D, EV 97.5 MPH)
|
|
Batting: RHB Junro Kato
|
0-0: Called Strike 0-1: Ball Wild Pitch! Gary Ming to second 1-1: Ball 2-1: Ball 3-1: Foul Ball, location: 2F 3-2: Strikes out swinging
|
|
Batting: LHB Mike Dickinson
|
0-0: Ball 1-0: Foul Ball, location: 2F 1-1: Foul Ball, location: 2F 1-2: Ball 2-2: Ball 3-2: Ground out 3-1 (Groundball, 34S, EV 86.9 MPH)
|
| Top of the 6th over - 0 runs, 1 hit, 0 errors, 1 left on base; Ogden 0 - San Diego (APP) 18 |
| BOTTOM OF THE 6TH |
|
San Diego (APP) Padres batting - Pitching for Ogden Raptors : LHP Tore Bosch
|
|
Batting: RHB Max Stillo
|
0-0: Swinging Strike 0-1: Ball 1-1: Ball 2-1: SINGLE (Groundball, 56D, EV 108.8 MPH)
|
|
Batting: RHB Brent Little
|
0-0: Ball 1-0: SINGLE (Line Drive, 5D, EV 98.8 MPH) Max Stillo to second
|
|
Pitching: RHP Charles Blatchford
|
|
|
Batting: RHB Stephon Hill
|
0-0: Called Strike 0-1: Fielders Choice at 2nd, 6-4 (Groundball, 6, EV 88.1 MPH) Max Stillo to third
|
|
Batting: RHB Wally Cangro
|
0-0: Fielders Choice at 2nd, 4-6 (Groundball, 4M, EV 97.5 MPH) Max Stillo scores
|
|
Batting: SHB Yutaro Takahashi
|
0-0: Ball 1-0: Ball 2-0: Ball 3-0: Base on Balls Wally Cangro to second
|
|
Batting: RHB Antonio Lara
|
0-0: Ball 1-0: Swinging Strike 1-1: Fly out, F7 (Flyball, 78D, EV 97.5 MPH)
|
| Bottom of the 6th over - 1 run, 2 hits, 0 errors, 2 left on base; Ogden 0 - San Diego (APP) 19 |
| TOP OF THE 7TH |
|
Ogden Raptors batting - Pitching for San Diego (APP) Padres : LHP Juan Lopez
|
|
Batting: LHB Mitchell Casey
|
0-0: Ball 1-0: Ball 2-0: Ball 3-0: Base on Balls
|
|
Batting: LHB Stephen Van Raalte
|
0-0: Grounds into double play, 4-6-3 (Groundball, 4, EV 110.6 MPH)
|
|
Batting: RHB Bob Magana
|
0-0: Ground out 5-3 (Groundball, 56S, EV 93.8 MPH)
|
| Top of the 7th over - 0 runs, 0 hits, 0 errors, 0 left on base; Ogden 0 - San Diego (APP) 19 |
| BOTTOM OF THE 7TH |
|
San Diego (APP) Padres batting - Pitching for Ogden Raptors : RHP Charles Blatchford
|
|
Batting: RHB Freddie Brown
|
0-0: Swinging Strike 0-1: Ball 1-1: Ball 2-1: Fly out, F4 (Line Drive, 4, EV 70.6 MPH)
|
|
Batting: LHB Sammy Roddenberry
|
0-0: Foul Ball, location: 2F 0-1: Ball 1-1: Called Strike 1-2: Foul Ball, location: 2F 1-2: Foul Ball, location: 2F 1-2: Fly out, F8 (Flyball, 89D, EV 98.8 MPH)
|
|
Batting: LHB Phil Lerner
|
0-0: Foul Ball, location: 2F 0-1: Ball 1-1: Ball 2-1: Foul Ball, location: 2F 2-2: Ball 3-2: Reached on error, E4 (Groundball, 4, EV 101.3 MPH)
|
|
Batting: RHB Max Stillo
|
0-0: Foul Ball, location: 2F 0-1: Ball 1-1: Ball Wild Pitch! Phil Lerner to second 2-1: Ball 3-1: Foul Ball, location: 2F 3-2: Base on Balls
|
|
Batting: RHB Brent Little
|
0-0: Ball 1-0: Ball 2-0: Ground out U3 (Groundball, 34, EV 90.6 MPH)
|
| Bottom of the 7th over - 0 runs, 0 hits, 1 error, 2 left on base; Ogden 0 - San Diego (APP) 19 |
| TOP OF THE 8TH |
|
Ogden Raptors batting - Pitching for San Diego (APP) Padres : LHP Juan Lopez
|
|
Pitching: RHP Scott Gillis
|
|
|
Batting: RHB Luis Hinostroza
|
0-0: Foul Ball, location: 2F 0-1: Fly out, F4 (Flyball, 34D, EV 83.8 MPH)
|
|
Batting: SHB Josh Vaill
|
0-0: Ball 1-0: Foul Ball, location: 2F 1-1: Swinging Strike 1-2: Ball 2-2: Strikes out swinging
|
|
Batting: SHB Darius Vinson
|
0-0: Ball 1-0: Swinging Strike 1-1: Called Strike 1-2: Ground out 4-3 (Groundball, 34D, EV 98.1 MPH)
|
| Top of the 8th over - 0 runs, 0 hits, 0 errors, 0 left on base; Ogden 0 - San Diego (APP) 19 |
| BOTTOM OF THE 8TH |
|
San Diego (APP) Padres batting - Pitching for Ogden Raptors : RHP Charles Blatchford
|
|
Batting: RHB Stephon Hill
|
0-0: Ball 1-0: Called Strike 1-1: Ball 2-1: Fly out, F9 (Flyball, 89S, EV 87.5 MPH)
|
|
Batting: RHB Wally Cangro
|
0-0: Called Strike 0-1: Ball 1-1: Called Strike 1-2: Foul Ball, location: 2F 1-2: Ground out 6-3 (Groundball, 6, EV 90.0 MPH)
|
|
Batting: SHB Yutaro Takahashi
|
0-0: Ball 1-0: Ball 2-0: Ball 3-0: Base on Balls
|
|
Pitching: RHP Matt Alderson
|
|
|
Batting: RHB Antonio Lara
|
0-0: Ball Wild Pitch! Yutaro Takahashi to second 1-0: Ball 2-0: Called Strike 2-1: Foul Ball, location: 2F 2-2: Foul Ball, location: 2F 2-2: Hit by Pitch
|
|
Batting: RHB Freddie Brown
|
0-0: SINGLE (Line Drive, 89S, EV 92.5 MPH) Yutaro Takahashi to third Antonio Lara to second Runner from 3rd tries for Home, throw by RF and OUT! 9-2
|
| Bottom of the 8th over - 0 runs, 1 hit, 0 errors, 2 left on base; Ogden 0 - San Diego (APP) 19 |
| TOP OF THE 9TH |
|
Ogden Raptors batting - Pitching for San Diego (APP) Padres : RHP Scott Gillis
|
|
Batting: RHB Gary Ming
|
0-0: Ball 1-0: Swinging Strike 1-1: Ball 2-1: Ball 3-1: Foul Ball, location: 2F 3-2: Fly out, F8 (Flyball, 8LM, EV 95.6 MPH)
|
|
Batting: RHB Junro Kato
|
0-0: Called Strike 0-1: Ball 1-1: Called Strike 1-2: Strikes out looking
|
|
Batting: LHB Mike Dickinson
|
0-0: Ball 1-0: Called Strike 1-1: Foul Ball, location: 2F 1-2: Ball 2-2: Ball 3-2: Foul Ball, location: 2F 3-2: Base on Balls
|
|
Batting: LHB Mitchell Casey
|
0-0: Ball 1-0: Ball 2-0: Swinging Strike 2-1: Fly out, F9 (Line Drive, 9S, EV 106.3 MPH)
|
| Top of the 9th over - 0 runs, 0 hits, 0 errors, 1 left on base; Ogden 0 - San Diego (APP) 19 |
|